 Dungeon Crawl Stone Soup version bcrawl-1.41.1 (webtiles) character file.

Game seed: 16693753087333416586

131422 quik the Cutter (level 3, -5/22 HPs)
             Began as a Vine Stalker Monk on Apr 16, 2024.
             Slain by an iguana (8 damage)
             ... on level 2 of the Dungeon.
             The game lasted 00:04:50 (961 turns).

quik the Cutter (Vine Stalker Monk)                  Turns: 961, Time: 00:04:51

Health: -5/22      AC:  2    Str: 14    XL:     3   Next: 52%
Magic:  0/5        EV: 13    Int: 10    God:
Gold:   56         SH:  0    Dex: 16    Spells: 2/2 levels left

rFire    . . .     GDR:     28% a - +0 dagger
rCold    . . .     SeeInvis .   (no shield)
rNeg     . . .     Gourm    .   b - +0 robe
rPois    .         Faith    .   c - +0 hat
rElec    .         Spirit   +   g - scarf {Spirit}
rCorr    .         Reflect  .   (no gloves)
MR       .....                  (no boots)
Stlth    ++........             G - amulet of guardian spirit
HPRegen  0.53/turn              (no ring)
MPRegen  0.09/turn              (no ring)

@: no status effects
A: fangs 2, regeneration 1, no potion heal 3, rot immunity, strong jaws
a: no special abilities


You were on level 2 of the Dungeon.
You were hungry.

You visited 1 branch of the dungeon, and saw 2 of its levels.

You collected 56 gold pieces.


Innate Abilities, Weirdness & Mutations

You have extremely sharp teeth.
Your natural rate of healing is unusually fast.
Potions cannot restore your health.
You are immune to rotting.
Your bites deal extra damage.


   Skills:
 - Level 2.6 Fighting
 + Level 4.0 Short Blades
 - Level 3.2 Dodging
 - Level 3.0 Stealth
   Level 2.0 Invocations


You had 2 spell levels left.
You didn't know any spells.
Your spell library was empty.

Inventory:

Hand Weapons
 a - a +0 dagger (weapon)
Missiles
 k - 220 sling bullets
 Q - 3 stones (quivered)
Armour
 b - a +0 robe (worn)
 c - a +0 hat (worn)
 g - a scarf of spirit shield (worn)
 j - a +0 chain mail
Jewellery
 G - an amulet of guardian spirit (around neck)
Scrolls
 i - a scroll of teleportation {unknown}
 l - a scroll of immolation {unknown}
 n - a scroll of amnesia {unknown}
 C - a scroll of remove curse {@r1}
Potions
 f - a potion of lignification {unknown}
 m - a potion of curing {unknown}
Comestibles
 d - 2 chunks of flesh
 e - a ration {!d}

Dungeon Overview and Level Annotations

Branches:
Dungeon (2/12)

Altars:
Fedhas
Lugonu
Sif Muna
Xom

Annotations:
D:2 exclusion: adder

#...%..........
#..............
.........[.....
........^......
l...._.....g†.......
#.................?#
#..............<...##
......8.._...g######
..........##Kl@.###
#._w.....#####...####
.. #........#
###....### #.#
#.....# ####...#
##<..##.#.##
#####...##
+.......K.#
####.†...###
.#####..##
##....#####
##.).####..####
##.....)..)##


You could see an iguana, a goblin and a kobold.


Message History

You take 5 damage, and have 17/22 hp.
MASSIVE DAMAGE!!
You now have 4/5 mp.
You hit the iguana but do no damage. The iguana bites you!
* * * LOW HITPOINT WARNING * * *
You take 6 damage, and have 11/22 hp.
MASSIVE DAMAGE!!
You now have 3/5 mp.
You hit the iguana but do no damage. The iguana misses you.
You hit the iguana. You hit the iguana but do no damage. The iguana bites you!
* * * LOW MAGIC WARNING * * *;
* * * LOW HITPOINT WARNING * * *
You take 5 damage, and have 6/22 hp.
MASSIVE DAMAGE!!
You now have 1/5 mp.
Really quaff
h - a potion of magic {!q}?
Magic courses through your body. The iguana bites you.
* * * LOW HITPOINT WARNING * * *
You take 4 damage, and have 2/22 hp.
You regained 2 mp, and now have 3/5 mp.
You hit the iguana but do no damage. The iguana closely misses you.
You closely miss the iguana. The iguana barely misses you.
You hit the iguana but do no damage. The iguana closely misses you.
You hit the iguana but do no damage.
You are feeling hungry.
You hit the iguana but do no damage. The iguana bites you.
* * * LOW MAGIC WARNING * * *;
* * * LOW HITPOINT WARNING * * *
You take 1 damage, and have 3/22 hp.
You now have 1/5 mp.
You hit the iguana. The iguana bites you!
* * * LOW MAGIC WARNING * * *
You die...

Skill      XL: |  1  2  3 |
---------------+----------+-----
Short Blades   | 3 4 |  4.0
Fighting       | |  2.6
Dodging        | |  3.2
Stealth        | |  3.0
Invocations    | |  2.0

Action                   || total
-------------------------++-------
Melee: Short sword       ||    41
       Bite              ||    12
       Dagger            ||    60
  Use: Scroll            ||     1
       Potion            ||     2
 Stab: Sleeping          ||     7
  Eat: Chunk             ||     2
Armor: Robe              ||    11
Dodge: Dodged            ||    55

Levels and vault maps discovered:
D:1:      dpeg_arrival_short_road, layout_basic, nrook_loot_triangle
D:2:      layout_rooms, grunt_temple_overflow_open,
          nicolae_overflow_crystal_walls, minmay_misc_feat_four_crosses,
          kennysheep_nondescript, uniq_sigmund

Notes
Turn   | Place    | Note
-------+----------+-------------------------------------------
     0 | D:1      | quik the Vine Stalker Monk began the quest for the Orb.
     0 | D:1      | Reached XP level 1. HP: 13/13 MP: 3/3
   141 | D:1      | Reached skill level 3 in Short Blades
   169 | D:1      | Identified a scroll of identify
   177 | D:1      | Identified 2 potions of magic
   198 | D:1      | Reached XP level 2. HP: 18/18 MP: 4/4
   763 | D:1      | Reached XP level 3. HP: 7/22 MP: 5/5
   826 | D:2      | Found a shimmering blue altar of Sif Muna.
   844 | D:2      | Found a shimmering altar of Xom.
   873 | D:2      | Found a corrupted altar of Lugonu.
   876 | D:2      | Found a blossoming altar of Fedhas.
   903 | D:2      | Reached skill level 4 in Short Blades
   955 | D:2      | HP: 2/22 [iguana (4)]
   960 | D:2      | HP: 3/22 [iguana (2)]
   961 | D:2      | Slain by an iguana

Vanquished Creatures
  4 worms
  2 leopard geckos (D:1)
  A ball python (D:1)
  A giant cockroach (D:1)
  2 goblins
  5 hobgoblins
  7 bats
  2 frilled lizards
  2 kobolds
  2 rats
28 creatures vanquished.

Table legend:
 A = Turns spent in this place as a percentage of turns spent in the entire game.
 B = Non-inter-level travel turns spent in this place as a percentage of non-inter-level travel turns spent in the entire game.
 C = Inter-level travel turns spent in this place as a percentage of turns spent in this place.
 D = Turns resting spent in this place as a percentage of non-inter-level travel turns spent in this place.
 E = Turns spent auto-exploring this place as a percentage of non-inter-level travel turns spent in this place.
 F = Non-inter-level travel turns spent in this place divided by the number of levels of this place that you've seen.
                   A       B       C       D       E      F
               +-------+-------+-------+-------+-------+----------------------
         Total | 100.0 | 100.0 |   1.6 |   1.2 |  54.9 | 473.0
       Dungeon | 100.0 | 100.0 |   1.6 |   1.2 |  54.9 | 473.0
               +-------+-------+-------+-------+-------+----------------------

Table legend:
 A = Kills in this place as a percentage of kills in entire the game.
 B = Kills by you in this place as a percentage of kills by you in the entire game.
 C = Kills by friends in this place as a percentage of kills by friends in the entire game.
 D = Other kills in this place as a percentage of other kills in the entire game.
 E = Experience gained in this place as a percentage of experience gained in the entire game.
 F = Experience gained in this place divided by the number of levels of this place that you have seen.
                   A       B       C       D       E      F
               +-------+-------+-------+-------+-------+----------------------
         Total | 100.0 | 100.0 |   N/A |   N/A | 100.0 |  29.5
       Dungeon | 100.0 | 100.0 |   N/A |   N/A | 100.0 |  29.5
               +-------+-------+-------+-------+-------+----------------------

Table legend:
 A = Non-vault XP
 B = Vault XP
 C = Vault XP percentage of total XP
 D = Non-vault monster count
 E = Vault monster count
 F = Vault count percentage of total count
                 A         B        C        D         E       F
            +---------+---------+-------+---------+---------+-------
      Total |      59 |       0 |   0.0 |      28 |       0 |   0.0
            +---------+---------+-------+---------+---------+-------
        D:1 |      37 |       0 |   0.0 |      18 |       0 |   0.0
        D:2 |      22 |       0 |   0.0 |      10 |       0 |   0.0
            +---------+---------+-------+---------+---------+-------
